 Dungeon Crawl Stone Soup version 0.31-a0-626-g8143ab4f1d (webtiles) character file.

Game seed: 12502421429212576880

19175 Aj7335 the Severer (level 12, -6/165 HPs)
             Began as a Minotaur Berserker on Aug 24, 2023.
             Was a High Priest of Trog.
             Mangled by a cacodemon (11 damage)
             ... summoned by a deep elf demonologist
             ... on level 11 of the Dungeon.
             The game lasted 00:32:16 (14603 turns).

Aj7335 the Severer (Minotaur Berserker)            Turns: 14603, Time: 00:32:17

Health: -6/165     AC: 12    Str: 25    XL:     12   Next: 34%
Magic:  11/11      EV:  9    Int:  4    God:    Trog [*****.]
Gold:   971        SH:  5    Dex: 12    Spells: 11/11 levels left

rFire   + . .        h - +3 war axe
rCold   . . .        (no shield)
rNeg    . . .        q - +1 plate armour
rPois   .            (helmet restricted)
rElec   .            b - scarf {shadows}
rCorr   +            A - +0 pair of gloves
SInv    .            g - +1 pair of boots
Will    .....        w - amulet of reflection Stlth
                     s - ring of protection from fire
HPRegen 0.47/turn    m - ring of resist corrosion
MPRegen 0.12/turn

%: reflection
@: berserking, corroded, very quick
A: horns 2, retaliatory headbutt
a: Renounce Religion, Berserk, Trog's Hand, Brothers in Arms


You were on level 11 of the Dungeon.
You worshipped Trog.
Trog was extremely pleased with you.
You visited 1 branch of the dungeon, and saw 11 of its levels.

You collected 1013 gold pieces.
You spent 42 gold pieces at shops.

Inventory:

Hand Weapons
 a - a +0 hand axe
 h - a +3 war axe (weapon)
 z - a +3 flail
Missiles
 e - 103 stones
 J - 23 poisoned darts
Armour
 b - a scarf of shadows (worn)
 g - a +1 pair of boots (worn)
 q - a +1 plate armour (worn)
 A - a +0 pair of gloves (worn)
Jewellery
 i - a +6 ring of intelligence
 m - a ring of resist corrosion (right hand)
 s - a ring of protection from fire (left hand)
 w - an amulet of reflection (around neck)
 D - an amulet of faith
 L - an amulet of guardian spirit
 M - the ring of Irrepressible Laughter {Fly rElec rF+ Str-2 Int+3}
   (You took it off a centaur on level 11 of the Dungeon)

   [ring of flight]

   Str-2:     It affects your strength (-2).
   Int+3:     It affects your intelligence (+3).
   rF+:       It protects you from fire.
   rElec:     It insulates you from electricity.
   Fly:       It grants you flight.
 Q - a ring of willpower
Talismans
 o - a flux talisman
 y - a dragon-blood talisman
 I - a beast talisman
Wands
 C - a wand of quicksilver (9)
 E - a wand of paralysis (12)
 N - a wand of roots (9)
 O - a wand of flame (9)
Scrolls
 c - a scroll of revelation
 d - 2 scrolls of summoning {unknown}
 k - 2 scrolls of fear
 n - a scroll of acquirement {unknown}
 t - 2 scrolls of vulnerability {unknown}
 v - 2 scrolls of enchant weapon
 B - 3 scrolls of immolation
 F - a scroll of silence
 H - 3 scrolls of noise
 R - a scroll of teleportation {unknown}
Potions
 f - 7 potions of haste
 j - 2 potions of curing
 l - 2 potions of enlightenment {unknown}
 p - 2 potions of lignification
 r - 4 potions of magic {unknown}
 u - 2 potions of heal wounds (quivered)
 x - a potion of mutation {unknown}
 G - a potion of might {unknown}
 K - 10 potions of degeneration
 P - a potion of invisibility {unknown}


   Skills:
 + Level 11.3 Fighting
 + Level 15.7(15.8) Axes
 + Level 2.0(10.4) Maces & Flails
 + Level 2.2 Throwing
 + Level 12.8 Armour
 + Level 4.8 Dodging
 + Level 2.1 Stealth
 + Level 6.6 Shields


You had 11 spell levels left.
You didn't know any spells.
Your spell library contained the following spells:

 Spells                   Type           Power      Damage    Failure   Level
 Call Canine Familiar     Summ           0%         N/A       100%        3
 Portal Projectile        Hex/Tloc       0%         N/A       100%        3
 Leda's Liquefaction      Hex/Erth       0%         N/A       100%        4


Dungeon Overview and Level Annotations

Branches:
Dungeon (11/15)            Temple (0/1) D:6            Lair (0/5) D:9
    Orc (0/2) D:9

Altars:
Hepliaklqana
Makhleb
Ru
Sif Muna
Uskayaw
Vehumet
Wu Jian
Xom
Yredelemnul
Zin
The Shining One

Shops:
D:4 *   D:6 *

Annotations:
D:4 exclusion: statue


Innate Abilities, Weirdness & Mutations

You have a pair of horns on your head.
You reflexively headbutt those who attack you in melee.


Message History

Calm down first, please.
You are too injured to fight recklessly!
Calm down first, please.
You are too injured to fight recklessly!
Calm down first, please.
You are too injured to fight recklessly!
Calm down first, please.
Unknown command.
You are too injured to fight recklessly!
Calm down first, please.
You hit the cacodemon.
The cacodemon is lightly wounded.
You hit the rust devil.
You closely miss the deep elf annihilator.
You hear a screech!
You block the deep elf annihilator's attack.
The cacodemon gestures at you. The bolt of energy hits you!!
* * * LOW HITPOINT WARNING * * *
You slice the cacodemon!!
The cacodemon is moderately wounded.
You slash the deep elf annihilator! You slash the deep elf demonologist!
You slash the rust devil! The rust devil hits you. The rust devil corrodes you!
You hit the cacodemon but do no damage. You headbutt the cacodemon!
The cacodemon is moderately wounded.
You slice the rust devil!!
You kill the rust devil!
The rust devil disappears in a puff of smoke!
You slash the deep elf annihilator! You hit the deep elf demonologist.
You barely miss the cacodemon.
The cacodemon is moderately wounded.
You hit the deep elf demonologist but do no damage.
You slash the deep elf annihilator!
The deep elf demonologist gestures wildly while chanting.
The deep elf annihilator hits you with a +0 long sword.
* * * LOW HITPOINT WARNING * * *
The cacodemon hits you!
* * * LOW HITPOINT WARNING * * *
The cacodemon hits you!
You die...

+~..⌠...⌠..≈#
≈#...⌠...#≈#
#≈##.....##≈#
#≈≈≈≈≈~≈≈≈≈≈#
######'######
#[# ###'###
#..§..#
#..#@2#
+.#e#e'.≈#
#.o# 4#:≈#
#.. .#:≈# ##
## ##


You could see a cacodemon (summoned), a deep elf annihilator, a deep elf
demonologist, an orc sorcerer and a red devil (summoned).

Vanquished Creatures
  4 two-headed ogres
  A tengu warrior (D:8)
  Pikel (D:4)
  The ghost of knees the Carver, a novice MiGl (D:6)
  3 deep elf pyromancers (D:11)
  2 orc sorcerers (D:11)
  An ice statue (D:8)
  An unseen horror (D:10)
  5 kobold demonologists (D:11)
  5 tengu conjurers (D:11)
  3 unseen horror zombies (D:8)
  2 trolls
  A slime creature (D:8)
  A shadow (D:11)
  11 yaks
  3 wyverns
  2 wraiths
  Grum (D:9)
  4 vampire mosquitoes
  2 acid dragons
  A water moccasin (D:5)
  A black bear (D:6)
  2 orc warriors (D:9)
  A swamp drake (D:9)
  2 ice beasts
  3 ogres (D:6)
  4 wolves (D:9)
  7 centaurs
  2 phantoms
  3 kobold brigands
  4 bullfrogs
  3 scorpions
  A wyvern zombie (D:8)
  5 wights
  12 killer bees
  14 howler monkeys
  9 crimson imps
  3 centaur zombies (D:8)
  A jelly (D:5)
  5 orc priests
  3 gnoll boudas
  5 hounds
  5 orc wizards
  4 sleepcaps
  Natasha (thrice) (D:2)
  Terence (D:2)
  A killer bee zombie (D:8)
  A howler monkey zombie (D:8)
  15 gnolls
  14 adders
  A shadow imp (D:10)
  4 white imps
  An ufetubus (D:6)
  4 dart slugs
  31 orcs
  6 ball pythons
  6 bats
  5 endoplasms
  2 giant cockroaches (D:2)
  12 goblins
  5 hobgoblins
  23 kobolds
  3 quokkas
  6 frilled lizards
  6 rats
304 creatures vanquished.

Notes
Turn   | Place    | Note
-------+----------+-------------------------------------------
     0 | D:1      | Aj7335 the Minotaur Berserker began the quest for the Orb.
     0 | D:1      | Reached XP level 1. HP: 19/19 MP: 0/0
   272 | D:1      | Reached skill level 4 in Axes
   272 | D:1      | Reached XP level 2. HP: 22/27 MP: 1/1
   496 | D:1      | Found a faded altar of an unknown god.
   779 | D:2      | Reached XP level 3. HP: 25/33 MP: 2/2
   974 | D:2      | Noticed Natasha
   981 | D:2      | Killed Natasha
  1044 | D:2      | Noticed Terence
  1052 | D:2      | Killed Terence
  1053 | D:2      | Reached XP level 4. HP: 40/41 MP: 3/3
  1461 | D:2      | Reached skill level 5 in Axes
  1675 | D:2      | Noticed Natasha
  1685 | D:2      | Killed Natasha
  1686 | D:2      | Reached XP level 5. HP: 34/47 MP: 4/4
  2186 | D:2      | Reached skill level 5 in Fighting
  2323 | D:2      | Noticed Natasha
  2328 | D:2      | Killed Natasha
  2328 | D:2      | Reached ** piety under Trog
  3655 | D:4      | Noticed Pikel
  3655 | D:4      | Noticed a lemure
  3656 | D:4      | Noticed a lemure
  3656 | D:4      | Noticed a lemure
  3656 | D:4      | Noticed a lemure
  3658 | D:4      | Noticed a phantom
  3664 | D:4      | Killed Pikel
  3665 | D:4      | Reached skill level 7 in Axes
  3665 | D:4      | Reached skill level 1 in Throwing
  3665 | D:4      | Reached XP level 6. HP: 57/57 MP: 5/5
  3665 | D:4      | Reached XP level 7. HP: 62/62 MP: 6/6
  3684 | D:4      | Reached skill level 1 in Stealth
  3846 | D:4      | Found a radiant altar of Vehumet.
  4212 | D:4      | Found Gimeumne's General Store.
  4398 | D:4      | Reached skill level 5 in Armour
  4608 | D:5      | Entered Level 5 of the Dungeon
  4692 | D:5      | Found a sacrificial altar of Ru.
  4704 | D:5      | Found an ornate altar of the Wu Jian Council.
  4905 | D:5      | Reached XP level 8. HP: 47/70 MP: 7/7
  5502 | D:5      | Found a burning altar of Makhleb.
  5716 | D:5      | Reached skill level 8 in Axes
  6061 | D:5      | Found a glowing silver altar of Zin.
  6311 | D:6      | Reached skill level 1 in Maces & Flails
  6382 | D:6      | Reached skill level 1 in Shields
  6669 | D:6      | Reached *** piety under Trog
  6777 | D:6      | Found a large runed translucent door.
  6777 | D:6      | Found a large runed translucent door.
  6915 | D:6      | Found a staircase to the Ecumenical Temple.
  7052 | D:6      | Found Xethraseu's General Store.
  7057 | D:6      | Bought a potion of curing for 42 gold pieces
  7195 | D:6      | Reached XP level 9. HP: 75/79 MP: 8/8
  7378 | D:6      | Noticed knees's ghost (novice MiGl)
  7390 | D:6      | Killed knees's ghost
  7391 | D:6      | Reached skill level 9 in Axes
  7879 | D:7      | Reached skill level 10 in Axes
  8303 | D:7      | Found a flagged portal.
  8492 | D:7      | Found a glowing golden altar of the Shining One.
  8628 | D:7      | Found a hide-covered altar of Uskayaw.
  8670 | D:7      | Found a hazy altar of Hepliaklqana.
  8671 | D:7      | Found a shimmering altar of Xom.
  8672 | D:7      | Noticed a spectral ugly thing
  8953 | D:8      | Reached skill level 11 in Axes
  9137 | D:8      | Found a basalt altar of Yredelemnul.
  9144 | D:8      | Reached **** piety under Trog
  9145 | D:8      | Reached XP level 10. HP: 73/88 MP: 9/9
  9481 | D:8      | Noticed a two-headed ogre
  9487 | D:8      | Killed a two-headed ogre
  9488 | D:8      | Reached skill level 12 in Axes
  9540 | D:8      | Reached skill level 5 in Shields
  9714 | D:8      | Noticed an ice statue
  9728 | D:8      | Killed an ice statue
  9747 | D:8      | Noticed a tengu warrior
  9770 | D:8      | HP: 1/91 [tengu warrior/+0 war axe (4)]
  9777 | D:8      | Killed a tengu warrior
  9778 | D:8      | Reached skill level 13 in Axes
 10863 | D:9      | Reached XP level 11. HP: 96/97 MP: 10/10
 10881 | D:9      | Reached skill level 10 in Armour
 10881 | D:9      | Found a staircase to the Orcish Mines.
 11329 | D:9      | Found a staircase to the Lair.
 11384 | D:9      | Noticed Grum
 11395 | D:9      | Killed Grum
 11929 | D:10     | Entered Level 10 of the Dungeon
 12026 | D:10     | Noticed a two-headed ogre
 12036 | D:10     | Killed a two-headed ogre
 12091 | D:10     | Reached skill level 10 in Fighting
 12576 | D:10     | Reached skill level 14 in Axes
 13514 | D:11     | Reached ***** piety under Trog
 13763 | D:11     | Identified the ring of Irrepressible Laughter {Fly rElec
                  | rF+ Str-2 Int+3}
 13837 | D:11     | Noticed a two-headed ogre
 13844 | D:11     | Killed a two-headed ogre
 13996 | D:11     | Noticed a two-headed ogre
 14003 | D:11     | Killed a two-headed ogre
 14004 | D:11     | Reached skill level 15 in Axes
 14263 | D:11     | Reached XP level 12. HP: 103/108 MP: 11/11
 14571 | D:11     | Found a shimmering blue altar of Sif Muna.
 14587 | D:11     | Noticed a deep elf demonologist
 14594 | D:11     | Noticed a deep elf annihilator
 14597 | D:11     | Noticed a cacodemon
 14603 | D:11     | HP: 5/165 [cacodemon[a deep elf demonologist] (15)]
 14603 | D:11     | Mangled by a cacodemon

Illustrated notes

Levels and vault maps discovered:
D:1:      saegor_arrival_simple_a, layout_basic,
          hellmonk_ecumenical_altar_inner_sanctum, minmay_stone_trees_small
D:2:      layout_basic, uniq_terence, uniq_natasha
D:3:      layout_loops_ring
D:4:      layout_rooms, vehumet_statue, serial_shops,
          nicolae_inconvenience_store, kennysheep_generic_room_11, uniq_pikel
D:5:      layout_loops_corners, zin_treasury,
          mainiacjoe_overflow_catwalk_spiral, makhleb_grotto_becter
D:6:      layout_basic, minmay_temple_entry_crystal_x, serial_shops, shop,
          ebering_ghost_disaster_area
D:7:      layout_loops_cross, tso_oasis_becter, mainiacjoe_overflow_24_doors,
          regret_index_temple_of_mockery, enter_bailey_4, grunt_ministairs_2,
          nicolae_elevator_lobby_asterisk
D:8:      layout_rooms, nicolae_yredelemnul_corpse_copse, nzn_random_ring
D:9:      layout_big_octagon, lair_entry_dummy, erik_orc_1, uniq_grum
D:10:     layout_basic, grunt_ministairs_15, minmay_nine_imps
D:11:     evilmike_library_of_no_secrets, layout_irregular_city, grunt_decor_cap

Skill      XL: |  1  2  3  4  5  6  7  8  9 10 11 12 |
---------------+-------------------------------------+-----
Axes           | 4 5 7 8 11 13 15 | 15.7
Fighting       | 4 5 6 7 8 9 10 11 | 11.3
Dodging        | 3 4 |  4.8
Armour         | 4 5 7 8 9 12 | 12.8
Throwing       | 1 2 |  2.2
Stealth        | 1 2 |  2.1
Maces & Flails | 2 |  2.0
Shields        | 2 4 5 6 |  6.6

Action                     |  1- 3 |  4- 6 |  7- 9 | 10-12 || total
---------------------------+-------+-------+-------+-------++-------
  Melee: Hand axe          |    53 |    88 |   260 |       ||   401
         Headbutt          |     9 |     6 |    53 |    71 ||   139
         Punch             |       |       |     6 |     7 ||    13
         Flail             |       |       |    20 |       ||    20
         War axe           |       |       |    50 |   409 ||   459
  Throw: Stone             |       |    15 |     5 |       ||    20
         Throwing net      |       |       |       |     2 ||     2
 Invoke: Berserk           |     1 |     2 |     4 |     9 ||    16
         Trog's Hand       |       |       |     1 |       ||     1
    Use: Scroll            |       |       |     5 |     7 ||    12
         Potion            |       |       |       |     7 ||     7
   Stab: Held in net/web   |       |       |       |     1 ||     1
 Armour: Animal skin       |     6 |     3 |       |       ||     9
         Scale mail        |       |    19 |       |       ||    19
         Plate armour      |       |    13 |   192 |   331 ||   536
  Dodge: Dodged            |    41 |    52 |   101 |   193 ||   387
  Block: Other             |       |       |    61 |    99 ||   160
         Reflection        |       |       |     1 |     6 ||     7

Table legend: (Time is in decaauts)
 A = Elapsed time spent in this place.
 B = Non-inter-level travel time spent in this place.
 C = Inter-level travel time spent in this place.
 D = Time resting spent in this place.
 E = Time spent auto-exploring this place.
 F = Levels seen in this place.
 G = Mean time per level.
                   A        B        C        D        E       F      G
               +--------+--------+--------+--------+--------+-----+--------+
         Total |  14661 |  13562 |   1099 |   4328 |   7403 |  11 | 1332.8 |
       Dungeon |  14661 |  13562 |   1099 |   4328 |   7403 |  11 | 1332.8 |
               +--------+--------+--------+--------+--------+-----+--------+

Top non-repeatable levels by time:
     D:8: 1984 daAuts
     D:2: 1808 daAuts
     D:5: 1638 daAuts
     D:6: 1534 daAuts
    D:10: 1392 daAuts
    D:11: 1261 daAuts
     D:3: 1220 daAuts
     D:9: 1161 daAuts
     D:7: 1035 daAuts
     D:4: 960 daAuts
     D:1: 662 daAuts
